 Dungeon Crawl Stone Soup version 0.29.1-13-g9f3cf754e1 (webtiles) character file.

Game seed: 4649943810516193967

9 Chiseanne the Shield-Bearer (level 2, 17/21 HPs)
             Began as a Demonspawn Wanderer on Jan 30, 2023.
             Quit the game on level 1 of the Dungeon.
             The game lasted 00:01:00 (467 turns).

Chiseanne the Shield-Bearer (Demonspawn Wanderer)    Turns: 467, Time: 00:01:01

Health: 17/21      AC:  3    Str: 10    XL:     2   Next: 3%
Magic:  2/2        EV: 11    Int: 12    God:
Gold:   12         SH:  5    Dex: 15    Spells: 1/1 levels left

rFire   . . .      SeeInvis .   a - +2 dagger
rCold   . . .      Faith    .   d - +0 buckler
rNeg    . . .      Spirit   .   f - +0 robe
rPois   .          Reflect  .   (helmet restricted)
rElec   .          Harm     .   k - +0 cloak
rCorr   .          Rampage  .   (no gloves)
Will    .....                   (no boots)
Stlth   ++........              (no amulet)
HPRegen 0.07/turn               (no ring)
MPRegen 0.08/turn               (no ring)

@: no status effects
A: antennae 1
a: no special abilities


You were on level 1 of the Dungeon.
You visited 1 branch of the dungeon, and saw 1 of its levels.

You collected 12 gold pieces.

Inventory:

Hand Weapons
 a - a +2 dagger (weapon)
 c - a +0 falchion
 g - a +0 flail
Missiles
 b - 4 curare-tipped darts (quivered)
 j - 6 stones
Armour
 d - a +0 buckler (worn)
 f - a +0 robe (worn)
 k - a +0 cloak (worn)
Scrolls
 h - a scroll of identify {unknown}
 i - a scroll of poison {unknown}
 m - a scroll of amnesia {unknown}
Potions
 e - a potion of mutation
 l - a potion of curing {unknown}


   Skills:
 * Level 1.4 Fighting
 - Level 1.0 Long Blades
 - Level 1.7 Throwing
 * Level 1.3 Armour
 * Level 1.3 Dodging
 - Level 1.0 Stealth
 - Level 2.6 Shields


You had one spell level left.
You didn't know any spells.
Your spell library was empty.

Dungeon Overview and Level Annotations

Branches:
Dungeon (1/15)

Altars:


Innate Abilities, Weirdness & Mutations

You have a pair of small antennae on your head.


Message History

No target in view!
No target in view!
No target in view!
No target in view!
No target in view!
No target in view!
No target in view!
No target in view!
No target in view!
No target in view!
No target in view!
l - a dark potion You see here a frilled lizard skeleton.
m - a scroll labelled YRAUN YCOVUVY A goblin and an endoplasm come into view.
A kobold comes into view. It is wielding a +0 dagger.
The kobold shouts!
You hit the endoplasm.
The endoplasm is almost dead.
The endoplasm completely misses you.
You hit the endoplasm.
You kill the endoplasm!
You hit the kobold.
The kobold is severely wounded.
You block the kobold's attack.
You barely miss the kobold.
The kobold is severely wounded.
The kobold misses you.
You miss the kobold.
The kobold is severely wounded.
The kobold hits you with a +0 dagger.
You closely miss the kobold.
The kobold is severely wounded.
The kobold closely misses you.
You hit the kobold.
You kill the kobold!
You have reached level 2!
Your demonic ancestry asserts itself...
A pair of antennae grows on your head!
Are you sure you want to abandon this character and quit the game? (Confirm with "yes".)

#...>...#..
#...)รท..#..
#.......#..
#.......#..
#.#######..#.#.####
#......#...#.#.#
######...#...#.#
##########.##...#.#
#....@).......)....
########..##......#
##### #..# #.#....#
#...# ###.##
#.#.....
#.#.####..K.##
.#.#...
#............#
####.###.........
###
##........####..
#...##.........#


There were no monsters in sight!

Vanquished Creatures
  An endoplasm (D:1)
  A goblin (D:1)
  A hobgoblin (D:1)
  A kobold (D:1)
  2 bats (D:1)
  2 frilled lizards (D:1)
  A rat (D:1)
9 creatures vanquished.

Notes
Turn   | Place    | Note
-------+----------+-------------------------------------------
     0 | D:1      | Chiseanne the Demonspawn Wanderer began the quest for the
                  | Orb.
     0 | D:1      | Chiseanne set off with the following items: a +2 dagger, 4
                  | curare-tipped darts, a +0 falchion, a +0 buckler, a potion
                  | of mutation, a +0 robe.
     0 | D:1      | Reached XP level 1. HP: 15/15 MP: 1/1
   467 | D:1      | Gained mutation: You have a pair of small antennae on your
                  | head. [demonic ancestry]
   467 | D:1      | Reached XP level 2. HP: 17/21 MP: 2/2
   467 | D:1      | Quit the game

Illustrated notes

Levels and vault maps discovered:
D:1:      sevenhm_arrival_forest_fort_large_2, layout_rooms, chequers_arboretum,
          minmay_pentomino_o4

Action                   || total
-------------------------++-------
Melee: Dagger            ||    34
Armor: Robe              ||     7
Dodge: Dodged            ||    18
Block: Buckler           ||     8
